Map: [ESL] Data-C

Players

Reynor - Winner!

  • Race: Zerg Zerg
  • Spawn Location: 9:00

Astrea

  • Race: Protoss Protoss
  • League: Grandmaster
  • Spawn Location: 3:00

Event: TSL 9

VOD

Have the link to the VOD?

Description

Time

  • Played on: Aug. 5, 2022, 8:02 a.m.
  • Length: 16:57

All games in this series

Show
View Real Time Build Order
Export as new Build Order

Reynor Zerg - Winner!

Build Orders: Hatch First, Lurkers 

Get SALT Encoding   

  12  0:00  Drone  
  13  0:11  Overlord  
  13  0:16  Drone  
  14  0:30  Drone x2  
  16  0:48  Hatchery  
  15  0:51  Drone  
  15  0:54  Drone  
  17  0:57  Drone  
  18  1:09  Extractor  
  17  1:13  Spawning Pool  
  17  1:17  Drone  
  17  1:20  Drone  
  18  1:27  Drone  
  19  1:38  Drone  
  20  1:48  Overlord  
  20  2:00  Queen x2  
  20  2:01  Drone x2  
  26  2:10  Drone x2  
  26  2:14  Metabolic Boost  
  28  2:21  Zergling x4  
  30  2:34  Hatchery  
  30  2:35  Drone  
  30  2:37  Drone  
  30  2:42  Drone  
  32  2:44  Overlord  
  32  2:50  Queen  
  34  2:53  Zergling x2  
  34  2:54  Zergling x2  
  36  3:02  Queen  
  36  3:04  Drone  
  39  3:06  Overlord  
  39  3:10  Drone  
  39  3:11  Drone  
  41  3:14  Drone  
  41  3:16  Drone  
  43  3:20  Drone  
  43  3:25  Overlord  
  44  3:27  Queen  
  44  3:30  Drone  
  47  3:36  Drone  
  47  3:39  Queen  
  47  3:40  Drone  
  51  3:46  Queen, Drone  
  54  3:50  Spore Crawler, Drone  
  54  3:52  Drone  
  55  3:57  Spore Crawler  
  55  3:59  Drone x2  
  55  4:00  Drone  
  55  4:02  Drone  
  58  4:06  Drone  
  58  4:07  Drone  
  58  4:08  Evolution Chamber  
  58  4:09  Drone  
  60  4:11  Drone  
  60  4:13  Drone  
  60  4:15  Overlord  
  62  4:18  Drone  
  62  4:19  Drone  
  62  4:21  Drone  
  65  4:25  Overlord  
  65  4:27  Drone  
  66  4:31  Overlord  
  66  4:36  Overlord  
  66  4:42  Zerg Melee Weapons Level 1  
  66  4:44  Spore Crawler, Drone  
  66  4:45  Drone x4  
  69  4:46  Drone x2  
  69  4:48  Overlord  
  72  4:53  Lair  
  72  4:54  Drone x2  
  72  4:57  Overlord  
  75  5:00  Drone x3  
  74  5:12  Drone  
  75  5:14  Drone, Roach Warren, Extractor  
  75  5:17  Drone x2  
  75  5:18  Drone  
  75  5:19  Drone  
  75  5:20  Drone x2, Hatchery  
  79  5:22  Drone x2  
  79  5:24  Drone  
  79  5:25  Drone  
  83  5:30  Zergling x2  
  83  5:36  Zergling x8  
  83  5:37  Overlord  
  83  5:38  Drone x2  
  83  5:39  Drone  
  88  5:43  Drone  
  88  5:45  Extractor x2  
  88  5:48  Overlord  
  88  5:49  Extractor  
  86  5:50  Queen  
  86  5:51  Queen  
  86  5:57  Zergling x12  
  86  6:01  Queen  
  92  6:04  Overlord  
  92  6:05  Zergling x4  
  92  6:09  Overlord  
  92  6:10  Roach x2  
  97  6:14  Glial Reconstitution  
  97  6:17  Roach x2  
  97  6:18  Zergling x2, Roach x2  
  104  6:19  Zergling x2  
  104  6:23  Roach  
  104  6:24  Zergling x2, Roach  
  108  6:30  Roach x2  
  108  6:31  Queen  
  113  6:33  Zergling x2, Roach  
  113  6:34  Zergling x2  
  113  6:37  Zergling x4  
  117  6:42  Zergling x4  
  117  6:43  Zerg Melee Weapons Level 2  
  117  6:46  Zergling x4  
  120  6:51  Zergling x2  
  120  6:53  Zergling x2  
  121  6:55  Zergling x2  
  121  6:56  Zergling x2  
  121  7:00  Overlord  
  121  7:01  Zergling x8  
  126  7:02  Zergling x2  
  126  7:05  Drone  
  126  7:06  Drone  
  126  7:08  Overlord  
  125  7:09  Drone  
  125  7:13  Drone x2  
  125  7:14  Drone x2  
  126  7:16  Drone  
  126  7:18  Drone  
  126  7:19  Drone x3, Overlord  
  127  7:25  Zergling x2  
  127  7:28  Baneling Nest  
  118  7:30  Zergling x12  
  120  7:37  Zergling x4  
  120  7:39  Zergling x2  
  120  7:40  Zergling x2  
  120  7:42  Zergling x16  
  127  7:51  Zergling x6  
  127  7:52  Zergling x4  
  132  7:58  Zergling x4  
  132  7:59  Zergling x2  
  132  8:01  Zergling x4, Hatchery, Evolution Chamber  
  132  8:04  Ravager x5  
  140  8:06  Zergling x4  
  144  8:12  Drone x2  
  144  8:13  Drone  
  144  8:14  Hatchery  
  144  8:15  Zergling x2  
  144  8:18  Centrifugal Hooks  
  145  8:20  Overlord  
  145  8:21  Overlord  
  145  8:23  Hatchery  
  144  8:31  Drone  
  145  8:36  Zergling x2  
  144  8:42  Zergling x16  
  144  8:43  Zerg Missile Weapons Level 1  
  144  8:47  Zergling x2  
  153  8:50  Zergling x2  
  153  8:51  Zergling x4  
  155  8:57  Zergling x14  
  155  9:04  Zerg Ground Armor Level 1  
  155  9:06  Drone  
  155  9:07  Drone  
  155  9:08  Zergling x2  
  158  9:12  Overlord  
  158  9:13  Overlord  
  158  9:17  Overlord  
  158  9:19  Drone x3  
  158  9:22  Drone  
  158  9:24  Baneling x11  
  162  9:25  Ravager x3  
  162  9:26  Overlord  
  162  9:28  Drone x6  
  170  9:32  Drone x2  
  170  9:34  Hydralisk Den, Infestation Pit  
  170  9:45  Zergling x10  
  170  9:51  Zergling x4  
  170  9:52  Zergling x6  
  172  9:53  Hatchery  
  172  9:57  Zergling x4  
  173  10:03  Zergling x4, Roach x2  
  173  10:04  Zergling x4  
  176  10:07  Zergling x4  
  176  10:10  Roach x2  
  179  10:15  Zergling x6  
  179  10:17  Baneling x8  
  179  10:19  Zergling x4  
  179  10:20  Zergling x4  
  187  10:25  Hatchery  
  187  10:28  Zergling x12  
  186  10:29  Zergling x6  
  186  10:30  Hive  
  186  10:31  Zergling x2, Hatchery  
  184  10:42  Zergling x4, Roach x2  
  184  10:44  Baneling x5  
  184  10:51  Zerg Missile Weapons Level 2, Lurker Den  
  184  10:52  Zergling x8  
  184  10:54  Ravager x3  
  184  10:55  Ravager  
  191  10:58  Zergling x16  
  191  11:00  Zergling x2  
  191  11:02  Zergling x2  
  199  11:09  Zergling x6  
  191  11:16  Baneling x5  
  191  11:18  Zergling x16  
  188  11:21  Baneling x3  
  188  11:22  Baneling x5  
  188  11:27  Zergling x20  
  188  11:31  Baneling x3  
  188  11:32  Baneling  
  198  11:34  Zergling x4, Extractor  
  198  11:35  Zergling x2  
  193  11:49  Zergling x6  
  193  11:50  Zergling x16  
  188  11:55  Zergling x8  
  188  11:59  Zergling x6  
  188  12:00  Seismic Spines  
  190  12:01  Hydralisk x3  
  190  12:03  Muscular Augments  
  190  12:05  Baneling x16  
  190  12:07  Hydralisk x2  
  200  12:12  Adrenal Glands  
  189  12:31  Hydralisk  
  189  12:32  Zergling x26  
  198  12:40  Hatchery  
  182  12:45  Zergling x38  
  199  12:51  Hydralisk x6  
  199  12:52  Baneling x10  
  195  13:07  Lurker x4  
  195  13:08  Lurker x2  
  195  13:11  Zergling x2  
  195  13:12  Zergling x16  
  179  13:20  Zergling x26  
  179  13:24  Hydralisk x3  
  179  13:25  Zergling x10  
  179  13:26  Hydralisk  
  190  13:27  Zergling x8  
  190  13:30  Hydralisk  
  190  13:32  Hydralisk  
  161  13:39  Hydralisk x4  
  161  13:44  Hydralisk x2  
  161  13:47  Hydralisk x2  
  161  13:48  Zergling x2  
  148  13:59  Drone x5  
  148  14:00  Drone  
  149  14:04  Zergling x2, Hydralisk  
  149  14:06  Hydralisk  
  149  14:07  Hydralisk  
  140  14:13  Hydralisk x2  
  140  14:14  Zergling x2  
  133  14:21  Overseer, Baneling  
  133  14:22  Baneling  
  133  14:23  Lurker x5  
  131  14:24  Lurker  
  131  14:26  Hydralisk  
  133  14:32  Spore Crawler  
  133  14:33  Spore Crawler  
  133  14:36  Hydralisk x2  
  133  14:37  Zergling x4  
  137  14:42  Hydralisk x2  
  137  14:43  Zergling x2  
  137  14:45  Lurker  
  143  14:50  Zergling x8  
  147  14:58  Drone x5  
  150  15:11  Hydralisk  
  150  15:12  Zergling x26  
  162  15:15  Zergling x2  
  161  15:24  Hydralisk x4  
  161  15:25  Hydralisk  
  166  15:33  Hydralisk x3  
  166  15:34  Zergling x2  
  148  15:41  Hydralisk x2  
  139  15:45  Hydralisk  
  133  15:53  Zergling x2, Hydralisk x2  
  128  16:03  Drone x5  
  130  16:10  Zergling x12  
  136  16:15  Lurker x3  
  136  16:24  Zergling x14  
  142  16:31  Zergling x4, Hydralisk x2  
  148  16:36  Zergling x2  
  148  16:37  Zergling x2  
  143  16:40  Lurker  
Show
View Real Time Build Order
Export as new Build Order

Astrea Protoss 

Build Orders: 1 Gate Expand, Oracle Opening 

Get SALT Encoding   

  12  0:00  Probe  
  13  0:12  Probe  
  14  0:17  Pylon  
  14  0:24  Probe  
  14  0:28  Assimilator  
  15  0:36  Probe (Chrono Boost)  
  16  0:43  Gateway  
  16  0:48  Probe (Chrono Boost)  
  17  0:56  Probe (Chrono Boost)  
  18  1:03  Probe  
  19  1:15  Probe  
  20  1:23  Nexus  
  20  1:34  Cybernetics Core  
  20  1:36  Probe  
  21  1:41  Assimilator  
  21  1:48  Probe  
  21  1:51  Pylon  
  22  2:00  Probe (Chrono Boost)  
  23  2:07  Adept (Chrono Boost)  
  23  2:10  Probe (Chrono Boost)  
  23  2:11  Warp Gate  
  23  2:15  Probe  
  26  2:20  Stargate  
  27  2:27  Probe  
  27  2:28  Adept (Chrono Boost)  
  28  2:35  Probe  
  31  2:39  Probe  
  32  2:47  Probe  
  32  2:49  Stalker  
  33  2:51  Probe  
  36  2:59  Probe  
  36  3:03  Oracle (Chrono Boost)  
  36  3:04  Probe  
  41  3:11  Probe  
  42  3:13  Gateway  
  42  3:16  Probe  
  42  3:17  Pylon  
  43  3:23  Probe  
  44  3:28  Probe  
  44  3:32  Oracle (Chrono Boost)  
  45  3:35  Probe  
  49  3:42  Probe  
  49  3:47  Nexus  
  50  3:49  Probe  
  50  3:54  Pylon  
  51  3:55  Probe  
  51  4:01  Probe  
  53  4:03  Twilight Council  
  53  4:08  Probe  
  53  4:09  Assimilator  
  54  4:13  Probe  
  55  4:17  Gateway x2  
  55  4:20  Zealot  
  57  4:25  Probe  
  57  4:26  Probe  
  59  4:32  Blink (Chrono Boost)  
  59  4:37  Probe  
  59  4:38  Probe  
  61  4:45  Pylon  
  61  4:46  Pylon  
  61  4:49  Probe  
  62  4:59  Probe  
  63  5:01  Probe  
  63  5:04  Probe, Stalker x2  
  63  5:06  Shield Battery  
  69  5:10  Pylon  
  69  5:11  Probe  
  69  5:13  Probe  
  71  5:14  Stalker x2  
  71  5:16  Probe  
  76  5:25  Probe  
  76  5:26  Probe  
  78  5:30  Stalker x2  
  78  5:31  Probe  
  83  5:37  Probe  
  83  5:40  Stalker x2  
  86  5:43  Assimilator  
  86  5:45  Forge, Probe x2  
  86  5:52  Pylon  
  86  5:56  Stalker x2  
  90  5:57  Probe  
  90  5:59  Nexus  
  90  6:03  Probe  
  90  6:04  Stalker  
  94  6:08  Charge (Chrono Boost), Stalker  
  96  6:11  Probe  
  96  6:15  Probe  
  96  6:16  Probe  
  99  6:18  Pylon  
  99  6:23  Stalker  
  99  6:24  Stalker  
  99  6:25  Probe  
  104  6:27  Probe, Pylon  
  104  6:29  Probe  
  104  6:32  Protoss Ground Weapons Level 1 (Chrono Boost)  
  106  6:38  Probe  
  106  6:39  Stalker x2  
  111  6:42  Probe x2  
  111  6:43  Gateway  
  111  6:45  Gateway  
  113  6:47  Forge  
  113  6:48  Gateway  
  113  6:50  Stalker  
  113  6:51  Probe  
  116  6:59  Zealot  
  116  7:00  Probe  
  119  7:06  Pylon  
  119  7:07  Pylon  
  119  7:08  Pylon  
  119  7:11  Probe, Stalker  
  119  7:12  Probe, Stalker  
  119  7:13  Probe  
  116  7:15  Stalker  
  116  7:17  Probe  
  116  7:20  Zealot  
  116  7:23  Probe  
  116  7:25  Probe x2  
  116  7:29  Probe  
  116  7:31  Photon Cannon  
  116  7:35  Probe  
  117  7:37  Probe  
  117  7:39  Stalker x3  
  117  7:40  Protoss Ground Armor Level 1 (Chrono Boost), Stalker x2  
  117  7:42  Probe x2  
  120  7:52  Probe  
  120  7:53  Probe  
  120  7:55  Stalker x2  
  128  8:04  Stalker x3  
  132  8:06  Gateway x2  
  132  8:07  Pylon  
  132  8:08  Gateway  
  132  8:14  Protoss Ground Weapons Level 2 (Chrono Boost)  
  132  8:17  Oracle (Chrono Boost)  
  132  8:18  Nexus  
  132  8:19  Photon Cannon  
  124  8:21  Photon Cannon  
  127  8:27  Stalker x2  
  127  8:32  Zealot, Stalker x2  
  137  8:34  Shield Battery  
  137  8:45  Pylon  
  137  8:46  Zealot x2  
  141  8:49  Shield Battery, Photon Cannon  
  141  8:52  Zealot x2  
  141  8:53  Zealot  
  140  9:05  Zealot  
  140  9:06  Zealot x4  
  140  9:07  Zealot x2  
  154  9:13  Probe x2  
  156  9:18  Oracle  
  156  9:19  Nexus  
  156  9:23  Shield Battery, Photon Cannon, Probe  
  160  9:25  Pylon  
  160  9:31  Zealot x2  
  164  9:33  Probe  
  164  9:35  Probe x2  
  163  9:38  Probe  
  163  9:39  Photon Cannon  
  163  9:41  Protoss Ground Armor Level 2 (Chrono Boost)  
  163  9:45  Probe  
  147  9:46  Zealot x8  
  147  9:47  Probe  
  160  9:52  Stalker  
  160  9:53  Stalker  
  160  9:58  Gateway  
  164  10:07  Zealot x2, Photon Cannon  
  164  10:08  Zealot x2  
  172  10:18  Pylon x2  
  172  10:22  Pylon  
  172  10:25  Pylon  
  170  10:29  Oracle (Chrono Boost)  
  170  10:33  Protoss Ground Weapons Level 3 (Chrono Boost)  
  170  10:35  Stalker x5  
  179  10:37  Probe  
  179  10:38  Probe  
  179  10:41  Probe  
  176  10:51  Pylon x2  
  176  10:56  Stalker x4  
  184  10:57  Oracle (Chrono Boost)  
  184  11:04  Nexus  
  187  11:17  Pylon  
  181  11:19  Nexus, Zealot x7  
  195  11:28  Pylon  
  195  11:29  Gateway  
  195  11:31  Dark Shrine  
  195  11:33  Oracle, Gateway  
  183  11:50  Probe x3  
  183  11:52  Photon Cannon  
  183  11:54  Photon Cannon, Stalker x8  
  164  11:55  Shield Battery, Probe  
  164  11:58  Pylon  
  169  12:03  Photon Cannon  
  169  12:07  Oracle (Chrono Boost), Pylon  
  167  12:09  Photon Cannon  
  167  12:10  Zealot x3  
  176  12:20  Zealot x8  
  192  12:27  Stalker  
  192  12:28  Stalker  
  192  12:33  Zealot  
  192  12:34  Zealot x4  
  194  12:37  Oracle (Chrono Boost)  
  194  12:42  Zealot x3  
  194  12:43  Zealot x3  
  197  12:50  Photon Cannon  
  197  12:51  Photon Cannon  
  197  12:55  Protoss Shields Level 1 (Chrono Boost), Pylon  
  197  13:03  Zealot  
  192  13:08  Oracle (Chrono Boost)  
  169  13:23  Zealot x13  
  186  13:31  Probe x2  
  186  13:32  Probe x3  
  138  13:43  Probe x2  
  138  13:47  Probe  
  137  13:51  Oracle  
  137  13:55  Probe x3  
  126  13:56  Probe  
  126  13:57  Photon Cannon  
  126  13:58  Zealot x5, Photon Cannon  
  126  13:59  Dark Templar x4  
  144  14:05  Probe  
  144  14:08  Dark Templar x2  
  132  14:11  Probe  
  132  14:13  Zealot x2  
  120  14:21  Zealot x4  
  126  14:26  Archon x2  
  126  14:28  Archon  
  126  14:29  Dark Templar  
  128  14:34  Assimilator  
  128  14:36  Photon Cannon  
  128  14:38  Shield Battery  
  128  14:40  Shadow Stride  
  128  14:48  Dark Templar  
  128  14:50  Photon Cannon  
  128  14:52  Nexus  
  130  14:53  Zealot x3  
  134  15:10  Zealot  
  134  15:11  Zealot x5  
  144  15:31  Oracle (Chrono Boost)  
  144  15:32  Probe  
  132  15:49  Zealot x8  
  112  16:00  Zealot  
  112  16:01  Zealot  
  112  16:04  Probe x4  
  114  16:05  Oracle (Chrono Boost)  
  108  16:14  Probe  
  107  16:25  Zealot x2  
  107  16:26  Zealot x8  
Tags
 
Add a new tag
Caveats
  • Supply blocks, unpowered buildings, or Contaminate may cause inaccurate times.
  • Supply counts are checked every 10 seconds.